cohdb
Replays
Latest Replays
All Replays
Popular Replays
Top Player Replays
Match Explorer
How It Works
Community
CoH3 Stats
Reddit
Sign in to upload your games and track your stats! →
Sign in with Steam
Match 24460149
Unlisted
Match 24460149
Overview
Messages
Build Orders
End
Royal Engineer Section
Construct Section Command Post
Selects Air and Sea Battlegroup
Vickers Machine Gun Team
Infantry Section
Infantry Section
Construct Platoon Command Post
Selects Commando Section Paradrop
Unlock M3 Stuart Light Tanks
M3 Stuart Light Tank
M3 Stuart Light Tank
Selects M1 Pack Howitzer Paradrop
M1 Pack Howitzer Paradrop
6-pounder Anti-tank Gun Team
gb_gbg
SneaKerz
Blitzkrieg
michalhori
0
0
Comments
sign in to comment!
No comments posted yet!